 Dungeon Crawl Stone Soup version 0.23.2-30-g0e89c35649 (webtiles) character file.

Game seed: 8158810252490897455

87 funkygono the Conjurer (level 4, 0/33 HPs)
             Began as a Draconian Conjurer on June 22, 2019.
             Slain by an orc wizard
             ... wielding a +0 dagger
              (4 damage)
             ... on level 3 of the Dungeon.
             The game lasted 00:04:21 (1992 turns).

funkygono the Conjurer (Draconian Conjurer)         Turns: 1992, Time: 00:04:22

Health: 0/33       AC:  5    Str: 15    XL:     4   Next: 28%
Magic:  1/8        EV: 17    Int: 17    God:
Gold:   116        SH:  0    Dex: 16    Spells: 3/9 levels left

rFire    . . .     SeeInvis .   g - +0 club
rCold    . . .     Gourm    .   (no shield)
rNeg     . . .     Faith    .   (armour unavailable)
rPois    .         Spirit   .   (helmet restricted)
rElec    .         Reflect  .   (no cloak)
rCorr    .         Harm     .   (no gloves)
MR       .....                  (no boots)
Stlth    +++.......             (no amulet)
HPRegen  0.11/turn              (no ring)
MPRegen  0.11/turn              (no ring)

@: mighty, agile
A: unfitting armour, cold-blooded, AC +5
a: no special abilities


You were on level 3 of the Dungeon.
You were not hungry.

You visited 1 branch of the dungeon, and saw 3 of its levels.

You collected 116 gold pieces.

Inventory:

Hand Weapons
 g - a +0 club (weapon)
 k - a +2 dagger of freezing
Missiles
 f - 83 stones (quivered)
Scrolls
 c - a scroll of identify
Potions
 h - a potion of lignification
 j - a potion of cancellation {unknown}
Comestibles
 a - 2 chunks of flesh
 b - 3 rations


   Skills:
 + Level 0.3 Maces & Flails
 + Level 1.9 Dodging
 + Level 2.0 Stealth
 * Level 3.2 Spellcasting
 + Level 4.8 Conjurations


You had 3 spell levels left.
You knew the following spells:

 Your Spells              Type           Power        Failure   Level  Hunger
a - Magic Dart            Conj           ###.         2%          1    None
b - Searing Ray           Conj           ###...       3%          2    ##.....
c - Dazzling Spray        Conj/Hex       ##....       19%         3    ###....

Your spell library contained the following spells:

 Spells                   Type           Power        Failure   Level  Hunger
 Iskenderun's Mystic Bla  Conj           ###.....     24%         4    ####...
 Force Lance              Conj/Tloc      ##......     54%         4    ####...
 Fulminant Prism          Conj/Hex       ##........   54%         4    ####...


Dungeon Overview and Level Annotations

Branches:
Dungeon (3/15)

Altars:


Innate Abilities, Weirdness & Mutations

Your plain brown scales are hard. (AC +5)
You cannot fit into any form of body armour.
You are cold-blooded and may be slowed by cold attacks.


Message History

You barely miss something.
Your tail-slap misses something.
Something hits you but does no damage.
It was a potion of agility.
You feel agile all of a sudden.
You hear some strange, mumbled words.
A puff of flame appears from out of thin air!
The puff of flame hits you.
* * * LOW HITPOINT WARNING * * *
It was a potion of might.
You feel very mighty all of a sudden. Something hits you but does no damage.
You closely miss something. Something hits you.
* * * LOW HITPOINT WARNING * * *
Something hits you but does no damage.
You closely miss something. Something hits you but does no damage.
You barely miss something.
You hear some strange, mumbled words.
Something tries to affect you, but you resist.
You closely miss something. Something hits you.
You die...

.........# .........# ###.
........# ....# .
.........#####....#
..###..##...............
#.....................#
......#...........#....##.
...#..#####..#...........
........{@..##.#..#....#
#.......##.....#..#....#
#.......###...###.#....#
#.....>.#..............#
#.........###..........#
#........ #..........#
.##..........#####..........#
.............. .............#
.....o.....##..##..........#


There were no monsters in sight!

Vanquished Creatures
  A worker ant (D:2)
  2 adders (D:2)
  An ooze (D:3)
  2 worms (D:2)
  2 orcs (D:3)
  A giant cockroach (D:2)
  5 goblins
  A hobgoblin (D:2)
  4 jackals (D:2)
  5 bats
  4 frilled lizards
  4 kobolds (D:1)
  6 rats
38 creatures vanquished.

Notes
Turn   | Place    | Note
-------+----------+-------------------------------------------
     0 | D:1      | funkygono the Draconian Conjurer began the quest for the
                  | Orb.
     0 | D:1      | Reached XP level 1. HP: 14/14 MP: 3/3
   331 | D:1      | Reached XP level 2. HP: 20/20 MP: 3/5
   337 | D:1      | Learned a level 2 spell: Searing Ray
   996 | D:2      | Reached XP level 3. HP: 25/26 MP: 0/6
  1556 | D:2      | Reached XP level 4. HP: 25/33 MP: 2/8
  1619 | D:2      | Learned a level 3 spell: Dazzling Spray
  1992 | D:3      | Slain by an orc wizard

Skill      XL: |  1  2  3 |
---------------+----------+-----
Stealth        | 2 |  2.0
Spellcasting   | 3 |  3.2
Maces & Flails | |  0.3
Dodging        | |  1.9
Conjurations   | |  4.8

Action                   |  1- 3 |  4- 6 || total
-------------------------+-------+-------++-------
Melee: Unarmed           |     3 |       ||     3
       Club              |    15 |    16 ||    31
       Tailslap          |     3 |     1 ||     4
 Cast: Magic Dart        |    47 |    18 ||    65
       Searing Ray       |     6 |     1 ||     7
  Use: Scroll            |     3 |       ||     3
       Potion            |       |     2 ||     2
  Eat: Chunk             |     3 |     1 ||     4
Armor: Skin              |     6 |    10 ||    16
Dodge: Dodged            |    20 |     6 ||    26
